 Dungeon Crawl Stone Soup version 0.30.0-29-ga12c61a403 (webtiles) character file.

Game seed: 3716630837496631805

380 boopmooplesden the Poker (level 6, 0/56 HPs)
             Began as a Draconian Berserker on June 24, 2023.
             Was a Believer of Trog.
             Slain by a killer bee zombie (4 damage)
             ... on level 3 of the Dungeon.
             The game lasted 00:05:49 (2786 turns).

boopmooplesden the Poker (Draconian Berserker)      Turns: 2786, Time: 00:05:50

Health: 0/56       AC:  6    Str: 21    XL:     6   Next: 46%
Magic:  6/6        EV: 13    Int:  7    God:    Trog [**....]
Gold:   128        SH:  0    Dex: 11    Spells: 5/5 levels left

rFire   + . .        a - +0 spear
rCold   . . .        (no shield)
rNeg    . . .        (body armour unavailable)
rPois   .            (helmet restricted)
rElec   .            (no cloak)
rCorr   .            (no gloves)
SInv    .            (no boots)
Will    .....        (no amulet)
Stlth   +            (no ring)
HPRegen 0.29/turn    (no ring)
MPRegen 0.10/turn

%: random rage (3%)
@: on berserk cooldown, slowed, very slow
A: AC +6, unfitting armour, cold-blooded, berserk 1, fire resistance 1
a: Renounce Religion, Berserk, Trog's Hand


You were on level 3 of the Dungeon.
You worshipped Trog.
Trog was pleased with you.
You visited 1 branch of the dungeon, and saw 3 of its levels.

You collected 128 gold pieces.

Inventory:

Hand Weapons
 a - a +0 spear (weapon)
Jewellery
 f - an amulet of reflection
 k - a ring of positive energy
Wands
 b - a wand of flame (10)
 m - a wand of acid (8)
Scrolls
 c - 4 scrolls of identify
 e - 5 scrolls of vulnerability
 o - a scroll of fog
Potions
 d - a potion of curing {unknown}
 g - 2 potions of lignification
 h - a potion of flight {unknown}
 i - 3 potions of ambrosia {unknown}
 j - a potion of heal wounds
 l - 2 potions of haste {unknown}
 n - a potion of attraction {unknown}


   Skills:
 + Level 5.0 Fighting
 + Level 5.2 Polearms
 + Level 4.2 Dodging
 + Level 1.0 Stealth


You had 5 spell levels left.
You didn't know any spells.
Your spell library was empty.

Dungeon Overview and Level Annotations

Branches:
Dungeon (3/15)

Altars:
The Shining One


Innate Abilities, Weirdness & Mutations

Your plain brown scales are hard. (AC +6)
You cannot fit into any form of body armour.
You are cold-blooded and may be slowed by cold attacks.
You sometimes lose your temper in combat.
Your flesh is heat resistant. (rF+)


Message History

* * * LOW HITPOINT WARNING * * *
You hit the killer bee zombie but do no damage.
Your tail-slap misses the killer bee zombie.
The killer bee zombie is severely damaged.
The killer bee zombie hits you.
* * * LOW HITPOINT WARNING * * *
The killer bee zombie closely misses you.
The killer bee zombie barely misses you.
You closely miss the killer bee zombie.
The killer bee zombie is severely damaged.
The killer bee zombie misses you.
The killer bee zombie closely misses you.
You barely miss the killer bee zombie.
Your punch misses the killer bee zombie.
The killer bee zombie is severely damaged.
The killer bee zombie hits you but does no damage. x2
You hit the killer bee zombie.
The killer bee zombie is severely damaged.
The killer bee zombie hits you.
* * * LOW HITPOINT WARNING * * *
The killer bee zombie hits you but does no damage.
The killer bee zombie barely misses you.
You barely miss the killer bee zombie.
The killer bee zombie is severely damaged.
The killer bee zombie closely misses you.
The killer bee zombie hits you.
* * * LOW HITPOINT WARNING * * *
You completely miss the killer bee zombie.
The killer bee zombie is severely damaged.
The killer bee zombie hits you.
* * * LOW HITPOINT WARNING * * *
The killer bee zombie hits you but does no damage.
You hit the killer bee zombie but do no damage.
Your tail-slap misses the killer bee zombie.
The killer bee zombie is severely damaged.
The killer bee zombie completely misses you.
The killer bee zombie hits you.
* * * LOW HITPOINT WARNING * * *
The killer bee zombie hits you.
You die...

...........#.#########.#
######.###.#...........#
.........#.######################
#...............>..............†.
...........#####.#####...########
...........# #.# #...# #
.###.......# #.# #...# #
..(.###..#.# #.# ##### # ###.#
#..#.# #@# # #.# #..#.# #Z# # #.#
#..#.# ###.## # #.###..#.#
#....#### # #......#.# #.......#
# #######.##.# #.......#
........##.# #......(#
.......###.# #.......# .......#
#.# ###.###.##


You could see a killer bee zombie.

Vanquished Creatures
  The ghost of cdecastro the Changer, an amateur DrTm (D:3)
  3 bullfrog zombies (D:3)
  Natasha (thrice) (D:2)
  3 adders
  A gnoll (D:1)
  A worm (D:3)
  A dart slug (D:1)
  3 orcs (D:3)
  8 ball pythons
  7 endoplasms
  4 giant cockroaches
  4 goblins
  4 hobgoblins
  8 jackals
  4 quokkas
  4 bats
  4 frilled lizards
  4 kobolds
  16 rats
83 creatures vanquished.

Notes
Turn   | Place    | Note
-------+----------+-------------------------------------------
     0 | D:1      | boopmooplesden the Draconian Berserker began the quest for
                  | the Orb.
     0 | D:1      | Reached XP level 1. HP: 19/19 MP: 1/1
    33 | D:1      | Reached XP level 2. HP: 13/26 MP: 2/2
   270 | D:1      | Reached XP level 3. HP: 31/33 MP: 3/3
   301 | D:1      | Reached ** piety under Trog
   702 | D:2      | Noticed Natasha
   711 | D:2      | Killed Natasha
   712 | D:2      | Reached XP level 4. HP: 40/40 MP: 4/4
  1061 | D:2      | Identified the +2 robe of Unambiguity {Stlth+}
  1075 | D:2      | Noticed Natasha
  1083 | D:2      | Killed Natasha
  1089 | D:2      | Noticed Natasha
  1105 | D:2      | Gained mutation: Your flesh is heat resistant. (rF+)
                  | [potion of mutation]
  1105 | D:2      | Gained mutation: You sometimes lose your temper in combat.
                  | [potion of mutation]
  1116 | D:2      | Killed Natasha
  1117 | D:2      | Reached XP level 5. HP: 8/46 MP: 5/5
  2179 | D:3      | Found a glowing golden altar of the Shining One.
  2509 | D:3      | Found a runed translucent gate.
  2511 | D:3      | Found a runed translucent gate.
  2512 | D:3      | Found a runed translucent gate.
  2514 | D:3      | Noticed cdecastro's ghost (amateur DrTm)
  2762 | D:3      | Killed cdecastro's ghost
  2763 | D:3      | Reached skill level 5 in Polearms
  2763 | D:3      | Reached skill level 1 in Stealth
  2763 | D:3      | Reached XP level 6. HP: 46/55 MP: 6/6
  2769 | D:3      | Reached skill level 5 in Fighting
  2786 | D:3      | Slain by a killer bee zombie

Illustrated notes

Levels and vault maps discovered:
D:1:      lemuel_arrival_rhombus, layout_basic, minmay_pentomino_r2
D:2:      layout_basic, serial_rivers, chequers_serial_rivers_room_b,
          chequers_serial_rivers_small_b, chequers_serial_rivers_room_b,
          chequers_serial_rivers_small_3, chequers_serial_rivers_large_a,
          uniq_natasha
D:3:      layout_basic, tso_oasis_becter, gammafunk_ghost_necromancy,
          kennysheep_generic_room_7

Skill      XL: |  1  2  3  4  5  6 |
---------------+-------------------+-----
Dodging        | 3 4 |  4.2
Fighting       | 4 5 |  5.0
Polearms       | 4 5 |  5.2
Stealth        | 1 |  1.0

Action                     |  1- 3 |  4- 6 || total
---------------------------+-------+-------++-------
  Melee: Spear             |    85 |   188 ||   273
         Tailslap          |     8 |    28 ||    36
         Punch             |     1 |       ||     1
 Invoke: Berserk           |     1 |     2 ||     3
    Use: Scroll            |     6 |       ||     6
         Potion            |       |     2 ||     2
 Armour: Skin              |    34 |    63 ||    97
  Dodge: Dodged            |    65 |   130 ||   195
